 Dungeon Crawl Stone Soup version 0.29.1-12-g30fa7ad0bf (webtiles) character file.

Game seed: 9880387536389335715

43 xian the Gusty (level 3, -4/25 HPs)
             Began as a Demonspawn Air Elementalist on Jan 15, 2023.
             Slain by Sigmund
             ... wielding a +0 scythe
              (8 damage)
             ... on level 2 of the Dungeon.
             The game lasted 00:06:07 (2027 turns).

xian the Gusty (Demonspawn Air Elementalist)        Turns: 2027, Time: 00:06:07

Health: -4/25      AC:  5    Str:  8    XL:     3   Next: 37%
Magic:  0/6        EV: 15    Int: 18    God:
Gold:   18         SH:  0    Dex: 13    Spells: 3/6 levels left

rFire   . . .      SeeInvis .   e - +0 dagger
rCold   . . .      Faith    .   (no shield)
rNeg    . . .      Spirit   .   g - +0 leather armour
rPois   .          Reflect  .   i - +0 helmet
rElec   .          Harm     .   (no cloak)
rCorr   .          Rampage  .   k - +0 pair of gloves
Will    .....                   (no boots)
Stlth   ++........              (no amulet)
HPRegen 0.08/turn               j - +4 ring of evasion
MPRegen 0.10/turn               (no ring)

@: very slightly contaminated
A: powered by pain 1
a: no special abilities


You were on level 2 of the Dungeon.
You visited 1 branch of the dungeon, and saw 2 of its levels.

You collected 44 gold pieces.
You spent 26 gold pieces at shops.

Inventory:

Hand Weapons
 e - a +0 dagger (weapon)
Armour
 g - a +0 leather armour (worn)
 i - a +0 helmet (worn)
 k - a +0 pair of gloves (worn)
Jewellery
 j - a +4 ring of evasion (left hand)
Wands
 l - a wand of charming (12)
Scrolls
 a - 2 scrolls of amnesia
 d - 3 scrolls of identify
 h - a scroll of summoning
Potions
 b - a potion of magic
 f - a potion of resistance {unknown}


   Skills:
 + Level 0.4 Fighting
 * Level 0.8 Armour
 + Level 2.0 Dodging
 + Level 1.8 Stealth
 + Level 2.3 Spellcasting
 + Level 1.6 Conjurations
 + Level 3.1 Air Magic


You had 3 spell levels left.
You knew the following spells:

 Your Spells              Type           Power      Damage    Failure   Level
a - Shock                 Conj/Air       40%        1d5       10%         1
b - Static Discharge      Conj/Air       10%        3-5/arc   14%         2

Your spell library contained the following spells:

 Spells                   Type           Power      Damage    Failure   Level
 Swiftness                Air            13%        N/A       21%         3
 Airstrike                Air            6%         2d(1-17)  56%         4


Dungeon Overview and Level Annotations

Branches:
Dungeon (2/15)

Altars:

Shops:
D:1 *

Annotations:
D:2 Sigmund


Innate Abilities, Weirdness & Mutations

You sometimes gain a little power by taking damage.


Message History

You see here a rat corpse.
A magic dart appears from out of thin air!
The magic dart hits you.
There is a stone staircase leading up here.
You climb upwards.
Reactivating autopickup.
There is a stone staircase leading down here.
You start resting.
Magic restored.
You start resting.
HP restored.
You climb downwards.
Level annotation: Sigmund
There is a stone staircase leading up here.
Sigmund giggles. "Time to reap what you sow."
Sigmund hits you but does no damage.
Casting: Static Discharge (safe; 14% risk of failure)
Confirm with . or Enter, or press ? or * to list all spells.
You miscast Static Discharge.
You are very lightly contaminated with residual magic.
Nothing appears to happen.
Sigmund hits you with a +0 scythe.
Unknown command.
Casting: Static Discharge (safe; 14% risk of failure)
Confirm with . or Enter, or press ? or * to list all spells.
The endoplasm is struck by an arc of lightning!
You kill the endoplasm!
You are struck by an arc of lightning.
The lightning grounds out.
Unknown command.
Casting: Static Discharge (safe; 14% risk of failure)
Confirm with . or Enter, or press ? or * to list all spells.
Sigmund is struck by an arc of lightning.
Sigmund is moderately wounded.
You are struck by an arc of lightning.
Sigmund is struck by an arc of lightning.
Sigmund is heavily wounded.
The lightning grounds out.
Sigmund hits you with a +0 scythe!
* * * LOW HITPOINT WARNING * * *
Unknown command.
Sigmund hits you from afar with a +0 scythe!
You die...

...####......#####.....#
......>.#..### ....#
...######h## ...# ...#
###h# ..# ...####...# ..
....##..### .
.........##
######.#..#########.#
#.....)........@...#
#.......#####).##### ..
#............@.....# .#
#.......####..........
######### #..####...###
#.## #... ### ##.# ##..#
..K ##.# #..# ##..##....
#..#######.## ##......#


You could see Sigmund.

Vanquished Creatures
  A worm (D:2)
  A dart slug (D:1)
  A ball python (D:2)
  3 bats
  3 endoplasms
  A giant cockroach (D:1)
  6 goblins
  6 jackals (D:2)
  2 kobolds (D:1)
  A quokka (D:2)
  3 frilled lizards (D:1)
  8 rats
36 creatures vanquished.

Notes
Turn   | Place    | Note
-------+----------+-------------------------------------------
     0 | D:1      | xian the Demonspawn Air Elementalist began the quest for
                  | the Orb.
     0 | D:1      | Reached XP level 1. HP: 13/13 MP: 3/3
   221 | D:1      | Found Tuym's General Store.
   344 | D:1      | Gained mutation: You sometimes gain a little power by
                  | taking damage. [demonic ancestry]
   344 | D:1      | Reached XP level 2. HP: 15/19 MP: 0/5
   571 | D:1      | Reached skill level 3 in Air Magic
   714 | D:1      | Learned a level 2 spell: Static Discharge
  1056 | D:1      | Bought a potion of degeneration for 13 gold pieces
  1103 | D:1      | Found a faded altar of an unknown god.
  1155 | D:1      | Bought a scroll of noise for 13 gold pieces
  1354 | D:2      | Reached XP level 3. HP: 13/25 MP: 0/6
  1851 | D:2      | Noticed Sigmund
  2027 | D:2      | Slain by Sigmund

Illustrated notes

Levels and vault maps discovered:
D:1:      ncdulo_watergridlock, layout_basic, serial_shops, shop_fountains,
          shapermc_ecumenical_altar_mp_urbaneastern, minmay_misc_feat_tiny,
          minmay_tetromino_s4
D:2:      layout_rooms, uniq_sigmund, uniq_crazy_yiuf_cottage

Skill      XL: |  1  2 |
---------------+-------+-----
Air Magic      | 3 |  3.1
Dodging        | 2 |  2.0
Fighting       | |  0.4
Armour         | |  0.8
Stealth        | |  1.8
Spellcasting   | |  2.3
Conjurations   | |  1.6

Action                   || total
-------------------------++-------
Melee: Mace              ||     8
       Unarmed           ||     1
       Dagger            ||    32
       Punch             ||     1
 Cast: Shock             ||    63
       Static Discharge  ||     6
  Use: Scroll            ||     3
       Potion            ||     1
Armor: Robe              ||     8
       Leather armour    ||    15
Dodge: Dodged            ||    59
